Map: Cerulean Fall LE

Players

lIlIlIlIlIlI - Winner!

  • Race: Terran Terran
  • League: Master
  • Spawn Location: 7:00

RiSky

  • Race: Zerg Zerg
  • League: Master
  • Spawn Location: 1:00

VOD

Have the link to the VOD?

Description

Time

  • Played on: Dec. 31, 2018, 12:06 p.m.
  • Length: 20:49
Show
View Real Time Build Order
Export as new Build Order

lIlIlIlIlIlI Terran - Winner!

Build Orders:  

Get SALT Encoding   

  12  0:00  SCV  
  13  0:13  SCV  
  14  0:17  Supply Depot  
  14  0:25  SCV  
  14  0:28  Refinery  
  15  0:39  SCV  
  16  0:45  Barracks  
  16  0:51  SCV  
  17  1:03  SCV  
  18  1:15  SCV  
  20  1:32  Reaper, Orbital Command  
  20  1:44  Command Center  
  20  1:54  Factory  
  20  1:58  SCV  
  21  2:05  Barracks Reactor  
  21  2:10  SCV  
  21  2:15  Supply Depot  
  22  2:16  Refinery  
  22  2:22  SCV  
  23  2:36  SCV  
  24  2:42  Starport  
  24  2:43  Marine x2  
  26  2:49  SCV  
  27  2:58  Command Center  
  27  3:02  Refinery  
  27  3:03  SCV  
  27  3:05  SCV  
  29  3:11  Marine x2  
  31  3:17  SCV x2  
  33  3:29  SCV  
  33  3:33  Fusion Core  
  35  3:35  Orbital Command  
  35  3:36  Marine x2  
  35  3:41  SCV  
  37  3:43  Starport Tech Lab  
  37  3:49  Refinery x2  
  37  3:53  SCV  
  38  4:00  SCV  
  39  4:05  SCV  
  40  4:11  Orbital Command  
  40  4:12  SCV  
  41  4:17  SCV  
  41  4:22  Battlecruiser  
  48  4:25  Marine  
  48  4:27  Marine  
  48  4:29  SCV  
  48  4:30  SCV  
  52  4:34  Factory Tech Lab  
  52  4:42  Weapon Refit, Supply Depot  
  52  4:43  SCV  
  52  4:45  SCV  
  54  4:46  SCV  
  54  4:55  Siege Tank, SCV  
  54  4:57  SCV  
  54  4:58  Marine, SCV  
  61  5:03  Marine  
  61  5:04  Supply Depot  
  62  5:07  SCV  
  62  5:09  Supply Depot, SCV  
  62  5:10  SCV  
  65  5:19  SCV  
  67  5:21  SCV  
  67  5:23  SCV  
  67  5:27  Battlecruiser  
  74  5:29  Barracks Tech Lab  
  74  5:33  Engineering Bay x2, SCV  
  75  5:36  SCV  
  76  5:49  Barracks, SCV x3  
  79  5:50  Barracks  
  79  5:53  Supply Depot  
  79  5:55  Supply Depot  
  79  5:58  Marine  
  79  5:59  Siege Tank  
  79  6:01  SCV  
  79  6:03  SCV  
  86  6:13  Stimpack, SCV  
  86  6:15  Terran Infantry Weapons Level 1, Terran Infantry Armor Level 1, SCV  
  86  6:17  Supply Depot, Orbital Command  
  87  6:20  Supply Depot  
  87  6:25  SCV  
  82  6:26  Marine  
  82  6:27  SCV  
  82  6:29  Barracks  
  82  6:32  Barracks  
  84  6:37  SCV  
  84  6:38  Starport Reactor  
  84  6:39  SCV  
  87  6:48  Marine x3  
  87  6:49  Marine, SCV  
  87  6:53  Siege Tank  
  87  6:54  SCV x2  
  96  6:56  Factory  
  96  6:59  Refinery x2  
  96  7:01  SCV  
  96  7:02  Supply Depot  
  96  7:06  Marine x4  
  96  7:07  SCV x2  
  103  7:11  Armory  
  103  7:13  SCV  
  104  7:17  Barracks Reactor, Combat Shield  
  104  7:19  SCV x2, Medivac x2  
  110  7:24  Marine  
  110  7:27  Marine, Supply Depot x2  
  113  7:30  Marine x2  
  113  7:32  Barracks Reactor  
  113  7:33  Siege Tank  
  113  7:34  SCV x2  
  119  7:39  Factory Tech Lab  
  119  7:42  Marine  
  120  7:44  Command Center  
  120  7:45  Marine  
  120  7:48  Marine  
  120  7:50  Supply Depot  
  122  7:51  Supply Depot  
  122  7:53  Medivac x2  
  122  7:58  Siege Tank  
  129  8:01  Marine  
  129  8:02  Terran Vehicle And Ship Armor Level 1  
  129  8:03  Sensor Tower, Marine x3  
  133  8:10  Barracks  
  133  8:12  Barracks  
  133  8:13  Barracks  
  133  8:15  Marine x3  
  133  8:19  Terran Infantry Weapons Level 2  
  136  8:23  SCV  
  136  8:25  Terran Infantry Armor Level 2  
  136  8:26  Marine x3  
  136  8:27  Marine x2  
  138  8:32  Marine  
  138  8:33  Siege Tank  
  146  8:34  Supply Depot  
  146  8:37  Missile Turret  
  146  8:41  Marine  
  141  8:42  Missile Turret, Marine  
  141  8:43  Missile Turret, SCV  
  143  8:52  Thor  
  149  9:00  Marine x2  
  149  9:01  Marine x4  
  149  9:02  Barracks Reactor  
  155  9:03  Barracks Reactor  
  155  9:05  Thor  
  155  9:06  Barracks Tech Lab  
  160  9:16  SCV  
  146  9:17  Marine x2  
  146  9:18  Refinery, Marine  
  146  9:19  Marine  
  146  9:20  Marine x3  
  146  9:21  Marine  
  147  9:24  Marine  
  147  9:27  SCV  
  147  9:28  Planetary Fortress, SCV x2  
  147  9:30  Missile Turret  
  151  9:33  Medivac x2  
  151  9:35  Marine x2  
  151  9:36  Marine  
  151  9:37  Marine  
  151  9:38  Marine  
  160  9:40  SCV x2  
  160  9:42  SCV  
  163  9:48  Missile Turret  
  163  9:49  Refinery  
  163  9:50  Missile Turret  
  163  9:53  Missile Turret  
  163  9:57  Siege Tank x2  
  169  10:00  SCV x2  
  169  10:01  SCV  
  170  10:09  Marine x9  
  179  10:17  SCV x2  
  179  10:18  Missile Turret x2, SCV  
  179  10:19  Missile Turret  
  179  10:21  Missile Turret x2  
  182  10:24  Supply Depot  
  182  10:26  Sensor Tower  
  182  10:29  Siege Tank, SCV  
  182  10:34  Marauder  
  188  10:37  Supply Depot  
  188  10:39  Missile Turret  
  188  10:40  Marauder x2  
  188  10:41  Missile Turret  
  171  10:44  Barracks Tech Lab  
  147  10:55  Marauder  
  149  10:58  Medivac x2  
  149  11:01  Marauder  
  155  11:12  Marauder  
  155  11:15  Marine x5  
  155  11:16  Marine x2  
  155  11:18  Marauder, Marine x2  
  162  11:19  Siege Tank x2  
  162  11:20  Terran Vehicle And Ship Armor Level 2, Terran Infantry Weapons Level 3, Terran Infantry Armor Level 3  
  162  11:25  Marauder  
  145  11:32  Marine  
  145  11:33  Marine x4  
  145  11:34  Marauder, Marine x2  
  145  11:36  Marine x2  
  145  11:38  Medivac x2  
  145  11:39  Marauder  
  153  11:43  Command Center  
  153  11:46  Marine  
  154  11:50  Marine x2  
  154  11:51  Marine x3  
  154  11:52  Marine  
  160  11:54  Marauder  
  160  11:55  Marauder  
  160  11:56  Marine x2  
  160  12:00  Siege Tank x2, Marine  
  173  12:04  Concussive Shells  
  173  12:12  Missile Turret, Marine x2  
  173  12:13  Marine x4  
  173  12:15  Missile Turret  
  179  12:16  Ghost Academy  
  179  12:21  Marauder  
  179  12:22  Marauder x3, Marine x2  
  172  12:24  Medivac  
  172  12:27  Medivac  
  176  12:30  Marine x2  
  176  12:34  Marine x2  
  176  12:35  Unknown x4  
  180  12:42  Marine x2  
  180  12:43  Marauder x2  
  157  12:47  Marine x4  
  157  12:49  Marine x2  
  155  12:52  Thor  
  155  12:54  Medivac  
  155  12:57  Medivac  
  162  12:58  Thor  
  162  13:02  Marine x3  
  162  13:03  Marine  
  162  13:04  Marauder x2  
  162  13:05  Marine x3  
  162  13:06  Marine  
  162  13:07  Marine  
  162  13:08  Marine  
  159  13:20  Marine x3  
  159  13:21  Marine  
  159  13:22  Marine  
  159  13:23  Marine x2  
  159  13:24  Marine  
  159  13:25  Marine  
  168  13:33  Marine x2  
  170  13:35  Thor  
  170  13:39  Marine x2  
  170  13:41  Thor  
  168  13:44  Marine x2  
  168  13:46  Marine x3  
  168  13:48  Medivac x2  
  162  13:49  Marine x3  
  162  13:55  Marine x2  
  168  13:58  Marine  
  168  14:00  Marine  
  168  14:02  Marine  
  171  14:04  Marine x2  
  171  14:07  Marauder, Marine x3  
  171  14:08  Marine  
  179  14:13  Marine x2  
  168  14:17  Marine  
  168  14:18  Siege Tank, Marine  
  168  14:20  Marine  
  168  14:21  Marine  
  168  14:22  Marine  
  165  14:24  Siege Tank  
  165  14:25  Marine x3  
  165  14:26  Marauder  
  165  14:27  Medivac x2  
  165  14:28  Marine  
  165  14:30  Terran Vehicle And Ship Armor Level 3, Marine  
  165  14:31  Marine  
  180  14:35  Marine x2  
  180  14:36  Planetary Fortress  
  180  14:38  Marine  
  183  14:39  Marine x2  
  183  14:41  Orbital Command  
  183  14:44  Missile Turret  
  185  14:47  Missile Turret  
  185  14:48  Marine  
  185  14:50  Siege Tank  
  185  14:51  Marine x2  
  182  14:53  Marine x2  
  182  14:55  Marine  
  182  14:56  Siege Tank, Marine  
  173  15:05  Supply Depot  
  173  15:07  Supply Depot  
  173  15:16  Marine  
  165  15:24  Sensor Tower  
  165  15:27  Marine x7  
  165  15:28  Marine, Supply Depot  
  164  15:30  Marine  
  163  15:39  Marine x3  
  163  15:46  Marine x2  
  163  15:48  Marine x2  
  163  15:49  Marine  
  167  15:50  Marine x2  
  167  15:55  Marine  
  167  15:56  Marine  
  158  15:57  Marine x2  
  158  16:03  Marine  
  158  16:04  Marine  
  160  16:08  Marine x2  
  160  16:11  Marine x2  
  127  16:13  Marine x3  
  127  16:15  Marine  
  125  16:29  Marine x4  
  127  16:35  Marine x2  
  127  16:38  Marine  
  127  16:39  Marine x5  
  129  16:46  Marine  
  129  16:47  Marine  
  129  16:53  Marine x2  
  120  16:54  Marine  
  120  16:55  Marine  
  120  16:56  Marine  
  120  16:57  Marine x2  
  120  16:58  Orbital Command  
  120  17:01  Marine x2  
  121  17:02  Marine  
  121  17:07  Marine x2  
  118  17:10  Marine  
  118  17:12  Marine x2  
  116  17:22  Marine x3  
  109  17:31  Marine x2  
  111  17:40  Marine x2  
  111  17:41  Marine x3  
  115  17:46  Marine x2  
  115  17:49  Marine x2  
  115  17:50  Marine x3  
  105  17:55  Medivac x2  
  105  17:57  Thor  
  105  17:58  Marine x2  
  110  17:59  Thor, Marine x2  
  110  18:04  Marine x2  
  110  18:05  Marine  
  109  18:07  Marine x2  
  109  18:08  Marine x3  
  114  18:16  Marine x2  
  114  18:17  Marine x2  
  102  18:22  Marine x3  
  102  18:25  Marine x2, Medivac x2  
  102  18:26  Marine x3  
  111  18:33  Marine  
  111  18:34  Marine x2  
  106  18:35  Marine  
  106  18:39  Marine  
  106  18:40  Marine x2  
  99  18:42  Marine x2  
  99  18:43  Marine  
  99  18:44  Marine x2  
  100  18:51  Marine x2  
  100  18:52  Marine x2  
  100  18:55  Medivac  
  105  18:57  Marine x2, Medivac  
  105  18:58  Marine  
  105  19:00  Marine x2  
  105  19:01  Marine x2  
  105  19:02  Marine  
  115  19:09  Marine x2  
  117  19:10  Marine x2  
  117  19:11  Siege Tank  
  117  19:12  Siege Tank  
  117  19:15  Marine x2  
  117  19:16  Marine  
  128  19:18  Marine x2  
  128  19:19  Marine  
  128  19:23  Marine x2  
  133  19:27  Marine x2  
  133  19:28  Marine x2  
  130  19:33  Marine x2  
  130  19:34  Marine, Medivac x2  
  130  19:36  Marine x2  
  130  19:37  Marine  
  124  19:40  Marine  
  124  19:41  Missile Turret x2, Marine  
  124  19:45  Marine x2  
  128  19:46  Marine x2  
  128  19:51  Marine x2  
  132  19:53  Marine  
  132  19:54  Marine x2  
  132  19:55  Marine  
  132  19:58  Marine x2  
  116  20:03  Marine x2  
  116  20:04  Marine x2  
  118  20:09  Marine x2  
  118  20:10  Marine  
  118  20:11  Marine  
  118  20:12  Marine x2  
  124  20:16  Marine x2  
  124  20:20  Marine x2  
  128  20:22  Marine x2  
  128  20:26  Marine x2  
  132  20:28  Marine  
  132  20:29  Marine x2  
  132  20:30  Marine  
Show
View Real Time Build Order
Export as new Build Order

RiSky Zerg 

Build Orders: Hatch First, Muta Ling Bane 

Get SALT Encoding   

  12  0:00  Drone  
  13  0:12  Overlord  
  13  0:17  Drone  
  14  0:30  Drone x2  
  16  0:49  Hatchery  
  15  0:51  Drone  
  15  0:55  Drone  
  17  0:59  Drone  
  18  1:10  Extractor  
  17  1:14  Spawning Pool  
  17  1:17  Drone  
  17  1:21  Drone  
  18  1:28  Drone  
  19  1:38  Drone  
  20  1:49  Overlord  
  20  2:01  Queen x2  
  20  2:02  Zergling x4  
  26  2:11  Drone  
  26  2:12  Drone  
  26  2:13  Metabolic Boost  
  28  2:22  Drone  
  29  2:24  Drone  
  30  2:36  Hatchery  
  29  2:37  Drone  
  29  2:44  Queen  
  30  2:49  Overlord  
  32  2:51  Drone  
  32  2:55  Drone x2  
  32  2:58  Drone  
  36  3:07  Drone  
  36  3:09  Drone  
  36  3:11  Drone  
  36  3:12  Drone x3  
  42  3:15  Overlord  
  42  3:17  Drone  
  42  3:19  Drone  
  44  3:32  Queen x2  
  48  3:36  Overlord  
  48  3:37  Drone x2  
  50  3:41  Drone x2  
  52  3:48  Queen  
  52  3:50  Drone  
  52  3:52  Overlord  
  52  3:53  Drone  
  56  3:55  Drone x2  
  56  4:00  Zergling x4, Drone  
  60  4:03  Overlord  
  60  4:06  Drone  
  60  4:08  Drone  
  60  4:09  Drone  
  63  4:15  Lair  
  63  4:16  Queen  
  63  4:22  Drone x3  
  68  4:25  Queen  
  68  4:30  Baneling Nest, Drone x2  
  68  4:31  Extractor  
  70  4:33  Zergling x4  
  73  4:38  Drone  
  73  4:39  Overlord  
  73  4:41  Overlord  
  73  4:42  Drone x2  
  75  4:46  Drone  
  75  4:47  Drone x3  
  75  4:49  Drone x2  
  81  4:57  Overlord, Extractor x2  
  81  4:58  Extractor  
  78  5:01  Drone  
  78  5:02  Drone  
  78  5:06  Overlord  
  80  5:08  Hatchery  
  80  5:10  Overlord, Drone  
  80  5:11  Drone  
  80  5:13  Centrifical Hooks  
  81  5:14  Drone  
  81  5:18  Spore Crawler x2  
  81  5:19  Spore Crawler  
  79  5:22  Zergling x4  
  79  5:28  Drone  
  82  5:30  Queen, Drone x2  
  82  5:33  Queen  
  88  5:39  Queen  
  85  5:49  Spire  
  84  5:53  Baneling x4  
  84  5:57  Drone  
  84  5:58  Drone x9  
  84  5:59  Drone  
  84  6:01  Overlord  
  84  6:04  Overlord  
  95  6:05  Drone  
  95  6:06  Drone  
  95  6:09  Overlord, Extractor  
  96  6:12  Overlord  
  96  6:19  Overlord  
  96  6:21  Drone  
  96  6:23  Evolution Chamber  
  96  6:24  Evolution Chamber  
  96  6:25  Zergling x6  
  98  6:28  Zergling x6  
  98  6:32  Drone  
  102  6:37  Drone x2  
  104  6:40  Drone  
  104  6:41  Drone  
  104  6:43  Zergling x8  
  104  6:44  Zergling x2  
  104  6:46  Drone  
  112  6:49  Drone  
  112  6:50  Drone  
  112  6:54  Drone x3  
  116  6:55  Drone  
  116  6:57  Extractor  
  116  6:58  Extractor  
  116  7:03  Drone  
  116  7:06  Zerg Melee Weapons Level 1, Zerg Ground Armor Level 1  
  116  7:07  Overlord  
  116  7:10  Drone x5  
  116  7:11  Drone x3  
  124  7:16  Overlord  
  124  7:17  Drone  
  125  7:23  Hatchery  
  125  7:27  Zerg Flyer Weapons Level 1  
  125  7:29  Zergling x8  
  130  7:30  Zergling x6  
  130  7:34  Zergling x4  
  130  7:36  Drone  
  133  7:40  Overlord  
  133  7:44  Hatchery  
  132  7:45  Mutalisk x3  
  132  7:49  Mutalisk x3  
  142  7:54  Mutalisk x4  
  142  7:57  Mutalisk x3  
  156  8:01  Infestation Pit  
  156  8:02  Baneling x9  
  156  8:04  Mutalisk  
  157  8:10  Overlord x2  
  157  8:11  Mutalisk x2  
  160  8:17  Mutalisk x2  
  164  8:28  Zergling x16  
  164  8:34  Mutalisk x3  
  172  8:36  Zergling x4  
  172  8:40  Mutalisk x2  
  178  8:43  Zergling x6  
  181  8:49  Hive  
  181  8:50  Drone x2  
  181  8:52  Overlord  
  181  8:53  Drone x2  
  181  8:55  Overseer, Overlord  
  185  8:56  Pneumatized Carapace  
  185  8:57  Overlord  
  185  8:58  Extractor  
  185  8:59  Overlord  
  185  9:00  Zerg Melee Weapons Level 2, Drone  
  185  9:06  Zergling x6  
  185  9:07  Overlord  
  169  9:20  Zerg Ground Armor Level 2  
  169  9:23  Zergling x28  
  175  9:30  Zergling x2  
  175  9:31  Zergling x4  
  175  9:36  Drone x2  
  177  9:40  Drone  
  177  9:43  Baneling x7  
  177  9:44  Baneling x6  
  177  9:45  Drone x2  
  180  9:46  Drone  
  180  9:52  Zergling x4  
  183  9:53  Zergling x14  
  191  10:00  Zergling x6  
  191  10:01  Hatchery  
  191  10:06  Zergling x2  
  191  10:07  Zergling x4  
  195  10:11  Zergling x10  
  200  10:16  Overlord  
  200  10:19  Zerg Flyer Weapons Level 2  
  200  10:20  Adrenal Glands  
  198  10:36  Baneling  
  198  10:37  Baneling x9  
  182  10:46  Zergling x22  
  182  10:47  Hatchery  
  168  10:51  Zergling x26  
  168  10:57  Zergling x6  
  176  11:02  Zergling x10  
  179  11:06  Baneling x14  
  179  11:07  Mutalisk  
  179  11:08  Mutalisk  
  179  11:09  Mutalisk  
  184  11:13  Mutalisk x3  
  185  11:24  Zergling x16  
  185  11:25  Zergling x4  
  189  11:31  Zergling x2  
  189  11:32  Zergling x14  
  166  11:34  Mutalisk  
  166  11:38  Mutalisk x2  
  158  11:42  Mutalisk  
  158  11:43  Mutalisk x3  
  155  11:52  Zergling x16  
  155  11:53  Baneling  
  155  11:54  Baneling x12  
  163  11:59  Zerg Melee Weapons Level 3, Zerg Ground Armor Level 3  
  163  12:01  Zergling x2  
  163  12:02  Zergling x10  
  163  12:07  Zergling x8  
  173  12:14  Zergling x20  
  181  12:21  Queen x2  
  177  12:27  Zergling x2  
  177  12:28  Zergling x22  
  189  12:35  Zergling x12  
  170  12:45  Zergling x24  
  170  12:48  Zergling x6  
  174  12:53  Baneling x8  
  174  12:54  Baneling x5, Mutalisk x4  
  174  12:58  Mutalisk x3  
  176  13:01  Mutalisk x3  
  176  13:03  Mutalisk x2  
  181  13:06  Mutalisk  
  181  13:09  Zerg Flyer Weapons Level 3  
  181  13:10  Mutalisk  
  181  13:11  Mutalisk x2  
  189  13:15  Mutalisk x2  
  189  13:18  Mutalisk  
  189  13:19  Zergling x2  
  197  13:20  Zergling x10  
  199  13:40  Hatchery  
  192  13:44  Hatchery  
  192  13:45  Zergling x18  
  192  13:46  Zergling x8  
  192  13:47  Hatchery, Zergling x12  
  192  13:48  Zergling x2  
  193  13:49  Zergling x2  
  193  13:50  Zergling x8  
  193  13:51  Baneling x3  
  193  13:52  Baneling x5  
  193  13:53  Zergling x4  
  196  14:04  Drone  
  196  14:05  Drone x3  
  196  14:07  Baneling x16  
  178  14:18  Zergling x18  
  178  14:19  Zergling x8  
  159  14:26  Mutalisk x8  
  175  14:35  Mutalisk x2  
  175  14:36  Mutalisk  
  175  14:38  Zergling x14  
  188  14:44  Mutalisk  
  188  14:45  Mutalisk x2  
  190  14:48  Zergling x12  
  187  14:55  Zergling x14  
  187  14:57  Mutalisk  
  187  14:58  Mutalisk  
  182  15:04  Mutalisk x2  
  182  15:05  Mutalisk  
  189  15:07  Drone x7  
  189  15:08  Drone  
  189  15:09  Zergling x4  
  182  15:22  Zergling x18  
  182  15:23  Zergling x10  
  191  15:30  Baneling x7, Drone  
  191  15:31  Drone x5  
  192  15:35  Zergling x2  
  192  15:36  Zergling x10  
  192  15:39  Zergling x18  
  184  15:43  Baneling x11  
  184  15:44  Baneling x2  
  184  15:46  Zerg Flyer Armor Level 1, Baneling  
  184  15:47  Baneling x7  
  165  15:57  Zergling x22  
  165  15:59  Zergling x6  
  165  16:01  Zergling x4  
  162  16:08  Zergling x2  
  162  16:09  Zergling x20  
  162  16:11  Zergling x4  
  141  16:14  Zergling x4  
  132  16:20  Zergling x4  
  132  16:25  Zergling x14  
  132  16:30  Mutalisk x5  
  132  16:31  Mutalisk  
  132  16:32  Mutalisk x2  
  143  16:35  Baneling x5  
  143  16:37  Mutalisk  
  138  16:40  Mutalisk x2  
  138  16:44  Mutalisk x2  
  136  16:48  Zergling x6  
  136  16:51  Zergling x4  
  136  16:52  Zergling x2  
  117  16:54  Zergling x4  
  117  16:55  Zergling x2  
  117  16:57  Zergling x4  
  116  17:03  Zergling x12  
  116  17:08  Mutalisk  
  113  17:09  Mutalisk  
  105  17:17  Mutalisk x2  
  105  17:21  Baneling  
  105  17:22  Baneling x7  
  106  17:23  Zergling x4  
  106  17:26  Zergling x6  
  113  17:30  Zergling x4  
  113  17:33  Zergling x4  
  113  17:34  Zergling x4  
  113  17:36  Zergling x4  
  104  17:46  Zergling x14  
  103  17:56  Baneling  
  103  17:57  Baneling x8  
  91  18:06  Zergling x12  
  91  18:07  Zergling x6  
  91  18:11  Zergling x4  
  98  18:19  Mutalisk x3  
  95  18:21  Mutalisk  
  95  18:24  Mutalisk  
  105  18:28  Mutalisk  
  105  18:32  Mutalisk x2  
  104  18:34  Zergling x2  
  104  18:37  Mutalisk  
  100  18:41  Mutalisk  
  100  18:45  Zergling x4  
  100  18:47  Zergling x4  
  98  18:51  Zergling x4  
  98  18:55  Zergling x6  
  103  19:05  Zergling x6  
  103  19:06  Zergling x8  
  108  19:10  Baneling x3  
  108  19:11  Zergling x2  
  109  19:21  Zergling x2  
  109  19:22  Zergling x12  
  109  19:23  Baneling  
  109  19:24  Baneling  
  113  19:35  Zergling x16  
  105  19:38  Zergling x4  
  105  19:41  Zergling x4  
  105  19:42  Baneling  
  105  19:43  Baneling  
  106  19:56  Zergling x18  
  107  20:07  Zergling x2  
  107  20:08  Zergling x10  
  107  20:13  Zergling x2  
  107  20:14  Zergling x8  
  113  20:18  Baneling x3  
  113  20:19  Zergling x6  
  114  20:23  Zergling x6  
  114  20:26  Zergling x6  
Tags
 
Composition
Muta Ling Bane
Matchup
TvZ
Player
RiSky
Spawn Locations
Cross Positions
Add a new tag
Caveats
  • Supply blocks, unpowered buildings, or Contaminate may cause inaccurate times.
  • Supply counts are checked every 10 seconds.